 Dungeon Crawl Stone Soup version 0.29-a0-43-g62a80824bf (webtiles) character file.

Game seed: 1915612151280584104

2216 Crownlay the Geomancer (level 9, -4/61 HPs)
             Began as an Octopode Earth Elementalist on Feb 2, 2022.
             Slain by a gnoll (7 damage)
             ... on level 7 of the Dungeon.
             The game lasted 00:19:37 (7813 turns).

Crownlay the Geomancer (OpEE)                       Turns: 7813, Time: 00:19:38

Health: -4/61      AC:  1    Str:  8    XL:     9   Next: 35%
Magic:  2/17       EV: 13    Int: 21    God:
Gold:   195        SH:  0    Dex: 12    Spells: 12/18 levels left

rFire   . . .      SeeInvis .   d - +0 trident
rCold   . . .      Faith    .   (no shield)
rNeg    . . .      Spirit   .   (helmet restricted)
rPois   .          Reflect  .   (no amulet)
rElec   .          Harm     .   (no ring)
rCorr   .          Rampage  .   (no ring)
Will    .....                   (no ring)
Stlth   ++++......              (no ring)
HPRegen 0.20/turn               (no ring)
MPRegen 0.15/turn               (no ring)
                                (no ring)
                                (no ring)

@: no status effects
A: almost no armour, amphibious, 8 rings, camouflage 1, gelatinous body 1,
(nimble swimmer 1), tentacles
a: no special abilities


You were on level 7 of the Dungeon.
You visited 2 branches of the dungeon, and saw 9 of its levels.

You collected 195 gold pieces.

Inventory:

Hand Weapons
 d - a +0 trident (weapon)
 f - a +0 dagger
Missiles
 b - 43 stones
 z - 3 curare-tipped darts
Jewellery
 C - a ring of positive energy
Wands
 k - a wand of mindburst (11)
 w - a wand of iceblast (2)
 B - a wand of paralysis (5)
Scrolls
 c - 6 scrolls of teleportation
 g - 2 scrolls of fear
 h - a scroll of summoning {unknown}
 n - a scroll of fog
 o - a scroll of vulnerability
 r - 3 scrolls of silence
 s - a scroll of enchant armour {unknown}
 u - 3 scrolls of immolation
 x - a scroll of brand weapon {unknown}
 y - a scroll of enchant weapon {unknown}
 A - a scroll of identify
Potions
 a - 2 potions of lignification
 e - a potion of invisibility {unknown}
 i - 2 potions of curing
 j - a potion of might {unknown}
 l - a potion of heal wounds {unknown}
 m - 2 potions of cancellation {unknown}
 p - a potion of haste {unknown}
 q - a potion of brilliance {unknown}
 t - a potion of magic {unknown}
 v - a potion of degeneration {unknown}


   Skills:
 + Level 5.5 Fighting
 - Level 2.0 Dodging
 + Level 6.9 Stealth
 + Level 5.3 Spellcasting
 - Level 1.0 Transmutations
 * Level 8.6 Earth Magic


You had 12 spell levels left.
You knew the following spells:

 Your Spells              Type           Power      Damage    Failure   Level
a - Sandblast             Erth           82%        2d17      1%          1
b - Passwall              Tmut/Erth      20%        N/A       2%          2
c - Stone Arrow           Conj/Erth      46%        3d9       5%          3

Your spell library contained the following spells:

 Spells                   Type           Power      Damage    Failure   Level
 Freeze                   Ice            20%        1d4       11%         1
 Petrify                  Tmut/Erth      25%        N/A       14%         4
 Frozen Ramparts          Ice            10%        1d3       30%         3
 Hailstorm                Conj/Ice       5%         3d4       71%         4


Dungeon Overview and Level Annotations

Branches:
Dungeon (8/15)             Temple (1/1) D:4
   Lair: D:8-11

Altars:
Ashenzari
Cheibriados
Dithmenos
Elyvilon
Fedhas
Gozag
Nemelex Xobeh
Okawaru
Qazlal
Ru
Uskayaw
Xom
Yredelemnul
Zin
The Shining One

Shops:
D:4 =   D:5 !


Innate Abilities, Weirdness & Mutations

You cannot wear most types of armour.
You are amphibious.
You can wear up to eight rings at the same time.
Your skin changes colour to match your surroundings (Stealth+).
Your rubbery body absorbs attacks. (AC +1, EV +1)
((You are camouflaged when in or above water. (Stealth+)))
You have tentacles for arms and can constrict up to eight enemies at once.


Message History

The gnoll barely misses you. The gnoll closely misses you.
Casting: Sandblast (safe; 1% risk of failure)
Confirm with . or Enter, or press ? or * to list all spells.
Aiming: Sandblast (safe; 1% risk of failure)
Press: ? - help, Shift-Dir - straight line, f/p - gnoll
Aim: a gnoll, wielding a +0 halberd (severely wounded, 85% to hit)
The blast of sand hits the gnoll!
You kill the gnoll!
Unknown command.
Reach: d) +0 trident
Press: ? - help, Dir - move target, f - gnoll
Aim: a gnoll, wielding a +0 spear (about 39% to evade your +0 trident)
You reach to attack!
You barely miss the gnoll.
The gnoll hits you from afar with a +0 spear.
Reach: d) +0 trident
Press: ? - help, Dir - move target, f/p - gnoll
Aim: a gnoll, wielding a +0 spear (about 39% to evade your +0 trident)
You reach to attack!
You barely miss the gnoll.
The gnoll hits you from afar with a +0 spear.
* * * LOW HITPOINT WARNING * * *
The gnoll hits you from afar with a +0 spear.
* * * LOW HITPOINT WARNING * * *
Reach: d) +0 trident
Press: ? - help, Dir - move target, f/p - gnoll
Aim: a gnoll, wielding a +0 spear (about 39% to evade your +0 trident)
You reach to attack!
You closely miss the gnoll.
The gnoll hits you from afar with a +0 spear.
* * * LOW HITPOINT WARNING * * *
Casting: Sandblast (safe; 1% risk of failure)
Confirm with . or Enter, or press ? or * to list all spells.
Aiming: Sandblast (safe; 1% risk of failure)
Press: ? - help, Shift-Dir - straight line, f/p - gnoll
Aim: a gnoll, wielding a +0 spear (85% to hit)
The blast of sand hits the gnoll.
The gnoll is moderately wounded.
The gnoll hits you from afar with a +0 spear.
* * * LOW HITPOINT WARNING * * *
There is a stone staircase leading up here.
The gnoll hits you from afar with a +0 spear!
You die...

#.###.## #
###.....##### .#
.........[>[##.###.#
###.#...............
#............#.###
#.....###.##..#
##..#.###g##.##
#..#[.......#
.......####@##.#
######. #.# .# #.
#.# .# #. #.# .. #.
..# # #. ### #.


You could see a gnoll.

Vanquished Creatures
  Grinder (D:6)
  A wraith (D:6)
  Eustachio (D:6)
  A water moccasin (D:8)
  4 black bears
  An ogre (D:5)
  A phantom (D:6)
  2 scorpions (D:5)
  A gnoll sergeant (D:7)
  2 wyvern skeletons
  2 water moccasin skeletons
  7 wights
  A bullfrog zombie (D:7)
  A gnoll shaman (D:7)
  An orc wizard (D:6)
  2 iguanas (D:5)
  A scorpion zombie (D:5)
  11 gnolls
  2 howler monkey skeletons
  3 adders
  2 shadow imps (D:5)
  A white imp (D:6)
  An ufetubus (D:6)
  8 worms
  5 dart slugs
  13 orcs
  4 endoplasms
  5 giant cockroaches
  2 goblins
  5 hobgoblins
  5 jackals
  3 kobolds
  2 quokkas
  7 ball pythons
  6 bats
  3 frilled lizards
  5 rats
123 creatures vanquished.

Notes
Turn   | Place    | Note
-------+----------+-------------------------------------------
     0 | D:1      | Crownlay the Octopode Earth Elementalist began the quest
                  | for the Orb.
     0 | D:1      | Reached XP level 1. HP: 11/11 MP: 3/3
   247 | D:1      | Reached XP level 2. HP: 18/18 MP: 5/5
   270 | D:1      | Found a faded altar of an unknown god.
   485 | D:1      | Reached skill level 1 in Fighting
   562 | D:1      | Reached XP level 3. HP: 23/23 MP: 6/6
   987 | D:2      | Found a sacrificial altar of Ru.
  1339 | D:2      | Learned a level 2 spell: Passwall
  1343 | D:2      | Learned a level 3 spell: Stone Arrow
  1504 | D:2      | Reached skill level 4 in Earth Magic
  1504 | D:2      | Reached XP level 4. HP: 11/28 MP: 3/7
  2421 | D:3      | Noticed a black bear
  2428 | D:3      | Killed a black bear
  2429 | D:3      | Reached XP level 5. HP: 13/34 MP: 5/9
  3190 | D:4      | Reached skill level 5 in Earth Magic
  3190 | D:4      | Reached XP level 6. HP: 41/41 MP: 3/10
  3414 | D:4      | Noticed a black bear
  3423 | D:4      | Killed a black bear
  3525 | D:4      | Identified the +3 leather armour of Quiet Fog {+Inv rPois
                  | Dex-5}
  3642 | D:4      | Found a broken altar of Ashenzari.
  3658 | D:4      | Found a staircase to the Ecumenical Temple.
  3663 | Temple   | Entered the Ecumenical Temple
  3773 | D:4      | Found a stormy altar of Qazlal.
  4038 | D:4      | Found Uqoo's Jewellery Emporium.
  4142 | D:5      | Entered Level 5 of the Dungeon
  4142 | D:5      | Found Sehux Lare's Distillery.
  4160 | D:5      | Reached XP level 7. HP: 46/46 MP: 4/12
  4241 | D:4      | Reached skill level 6 in Earth Magic
  4898 | D:5      | Identified the +3 leather armour of the Wilderness {Fly
                  | Str+4 Dex+3}
  5454 | D:5      | Reached XP level 8. HP: 52/54 MP: 14/14
  5538 | D:5      | You fall into a shaft and drop 3 floors!
  5650 | D:7      | Reached skill level 5 in Stealth
  5650 | D:7      | Reached skill level 7 in Earth Magic
  6609 | D:6      | Paralysed by an orc for 6 turns
  6694 | D:6      | Found an iron altar of Okawaru.
  6710 | D:6      | Noticed Grinder
  6718 | D:6      | Killed Grinder
  6719 | D:6      | Reached skill level 5 in Fighting
  6719 | D:6      | Reached skill level 5 in Spellcasting
  6811 | D:6      | Reached skill level 8 in Earth Magic
  6811 | D:6      | Reached XP level 9. HP: 61/61 MP: 9/16
  7059 | D:6      | Found a shimmering altar of Xom.
  7273 | D:6      | Noticed Eustachio
  7302 | D:6      | Killed Eustachio
  7579 | D:6      | Found a basalt altar of Yredelemnul.
  7801 | D:7      | HP: 1/61 [gnoll (6)]
  7813 | D:7      | Slain by a gnoll

Illustrated notes

Levels and vault maps discovered:
D:1:      minmay_arrival_floating_metal, layout_loops_ring,
          hellmonk_ecumenical_altar_leap_of_faith
D:2:      layout_loops_ring, basic_altar, minmay_pentomino_x4
D:3:      layout_basic, chequers_serial_rivers_micro_d
D:4:      layout_cave_pools, cheibrodos_ashenzari_chains,
          nicolae_overflow_hidden_temple, temple_doors_cd, serial_shops,
          kennysheep_little_box, hangedman_decor_points,
          nicolae_figureground_sparkle
D:5:      layout_cave_pools, nicolae_stop_n_shop_2, nicolae_wormholes
D:6:      layout_gridville, overflow_temple_1_default, okawaru_gym_becter,
          lemuel_tele_altar, uniq_grinder, uniq_eustachio
D:7:      layout_loops_ring, grunt_temple_overflow_magic_moments,
          lemuel_doored_altar, grunt_temple_overflow_open, enter_bailey_3
D:8:      layout_loops_ring, pdpol_wu_jian_five_deadly_venoms, dpeg_oklobed_lair
Temple:   kb_temple_of_zot

Skill      XL: |  1  2  3  4  5  6  7  8 |
---------------+-------------------------+-----
Fighting       | 1 2 3 5 |  5.5
Earth Magic    | 4 5 6 8 |  8.6
Spellcasting   | 3 4 5 |  5.3
Stealth        | 3 4 6 |  6.9
Dodging        | |  2.0
Transmutations | |  1.0

Action                   |  1- 3 |  4- 6 |  7- 9 || total
-------------------------+-------+-------+-------++-------
Melee: Trident           |    57 |    42 |    28 ||   127
       Tentacles         |     8 |     9 |     2 ||    19
       Constrict         |    12 |    11 |     3 ||    26
       Unarmed           |     1 |       |       ||     1
       Punch             |     1 |     1 |       ||     2
 Cast: Sandblast         |    13 |    28 |    82 ||   123
       Stone Arrow       |       |     6 |    48 ||    54
  Use: Scroll            |       |     5 |     3 ||     8
 Stab: Sleeping          |    10 |     5 |       ||    15
Armor: Skin              |     2 |     6 |     3 ||    11
Dodge: Dodged            |    27 |    33 |    44 ||   104

Table legend: (Time is in decaauts)
 A = Elapsed time spent in this place.
 B = Non-inter-level travel time spent in this place.
 C = Inter-level travel time spent in this place.
 D = Time resting spent in this place.
 E = Time spent auto-exploring this place.
 F = Levels seen in this place.
 G = Mean time per level.
                   A        B        C        D        E       F      G
               +--------+--------+--------+--------+--------+-----+--------+
         Total |   7857 |   7590 |    267 |    302 |   6325 |   9 |  873.0 |
       Dungeon |   7760 |   7501 |    259 |    302 |   6242 |   8 |  970.0 |
        Temple |     97 |     89 |      8 |      0 |     83 |   1 |   97.0 |
               +--------+--------+--------+--------+--------+-----+--------+

Top non-repeatable levels by time:
     D:6: 1456 daAuts
     D:5: 1373 daAuts
     D:3: 1287 daAuts
     D:4: 1257 daAuts
     D:1: 990 daAuts
     D:2: 894 daAuts
     D:7: 317 daAuts
     D:8: 183 daAuts
  Temple: 97 daAuts
